 Dungeon Crawl Stone Soup version 0.31.0-12-g77e489cdc1 (webtiles) character file.

Game seed: 12604875036394333978

145 booth the Changeling (level 5, -4/39 HPs)
             Began as a Demonspawn Shapeshifter on Feb 18, 2024.
             Slain by a gnoll
             ... wielding a +2 vampiric spear
              (5 damage)
             ... on level 3 of the Dungeon.
             The game lasted 00:13:53 (2445 turns).

booth the Changeling (Demonspawn Shapeshifter)      Turns: 2445, Time: 00:13:54

Health: -4/39      AC:  4    Str: 15 (16) XL:     5   Next: 6%
Magic:  5/5        EV: 14    Int:  9 (10) God:
Gold:   122        SH:  0    Dex: 13      Spells: 4/4 levels left

rFire   + .          .
                       - Unarmed
rCold   + . .        (no shield)
rNeg    . . .        b - +2 robe {rC+ rF+}
rPois   .            i - melded +1 hat "Zuwulawn" {+Inv rElec rC+}
rElec   .            h - melded scarf {rC+ rF+}
rCorr   .            (gloves currently unavailable)
SInv    .            (boots currently unavailable)
Will    .....        (no amulet)
Stlth   +            (no ring)
HPRegen 0.26/turn    (no ring)
MPRegen 0.09/turn

%: no passive effects
@: beast-form
A: beast (slay +2), horns 1, repulsion field 1, ignite blood 1
a: Begin Untransformation


You were on level 3 of the Dungeon.
You were a hulking beast.
You visited 1 branch of the dungeon, and saw 3 of its levels.

You collected 122 gold pieces.

Inventory:

Hand Weapons
 e - a +0 morningstar
Missiles
 f - a throwing net
 k - 2 poisoned darts
 l - 6 boomerangs (quivered)
Armour
 b - a +2 robe of resistance (worn)
 h - a scarf of resistance (melded)
 i - the +1 hat "Zuwulawn" (melded) {+Inv rElec rC+}
   (You acquired it on level 1 of the Dungeon)

   rC+:       It protects you from cold.
   rElec:     It insulates you from electricity.
   +Inv:      It lets you turn invisible.
Jewellery
 a - an amulet of faith
Talismans
 c - a beast talisman (active)
 d - a flux talisman
Scrolls
 j - 3 scrolls of amnesia


   Skills:
 + Level 2.4 Fighting
 - Level 1.7 Dodging
 + Level 3.5 Unarmed Combat
 * Level 4.0 Shapeshifting


You had 4 spell levels left.
You didn't know any spells.
Your spell library contained the following spells:

 Spells                   Type           Power      Damage    Failure   Level
 Magic Dart               Conj           0%         1d3       38%         1
 Searing Ray              Conj           0%         2d4       52%         2
 Tukima's Dance           Hex            0%         N/A       77%         3
 Dimensional Bullseye     Hex/Tloc       0%         N/A       99%         4
 Fulminant Prism          Conj/Alch      0%         3d5       99%         4
 Iskenderun's Mystic Bla  Conj/Tloc      0%         2d3       99%         4


Dungeon Overview and Level Annotations

Branches:
Dungeon (3/15)

Altars:


Innate Abilities, Weirdness & Mutations

You are a hulking beast.
Your limbs bulge with bestial killing power. (Slay +2)
You have a pair of small horns on your head.
You are surrounded by a mild repulsion field. (EV +2)
Your demonic aura sometimes causes spilled blood to erupt in flames.


Message History

The gnoll is lightly wounded.
The gnoll barely misses you.
The gnoll hits you from afar with a +2 vampiric spear.
You hit the gnoll. Your headbutt misses the gnoll.
The gnoll is moderately wounded.
The gnoll hits you with a +0 whip!
The gnoll hits you from afar with a +2 vampiric spear.
You don't know any spells.
Okay, then.
You barely miss the gnoll.
The gnoll is moderately wounded.
The gnoll barely misses you. The gnoll misses you.
Throw: 6 boomerangs
Press: ? - help, Q - select action, (/) - cycle Shift-Dir - straight line, f/p - gnoll
Aim: a gnoll, wielding a +0 whip (moderately wounded, 61% to hit)
You throw a boomerang. The boomerang barely misses the gnoll.
The boomerang hits the gnoll.
The gnoll is moderately wounded.
The gnoll hits you from afar with a +2 vampiric spear.
The gnoll draws strength from your wounds!
The gnoll hits you with a +0 whip.
You aren't carrying any potions.
Okay, then.
You hit the gnoll.
The gnoll is severely wounded.
The gnoll barely misses you. The gnoll misses you.
You closely miss the gnoll.
The gnoll is severely wounded.
The gnoll completely misses you. The gnoll hits you with a +0 whip.
* * * LOW HITPOINT WARNING * * *
You closely miss the gnoll.
The gnoll is severely wounded.
The gnoll hits you from afar with a +2 vampiric spear.
* * * LOW HITPOINT WARNING * * *
The gnoll hits you with a +0 whip.
* * * LOW HITPOINT WARNING * * *
You hit the gnoll. Your headbutt misses the gnoll.
The gnoll is severely wounded.
The gnoll hits you from afar with a +2 vampiric spear.
You die...

#.....# #####.#### ######. #....#
#..... ####.# #.#<. #.# #... #.#
#.. ## #.# #.# .##
#######.##########.##.#...
................hggr).....>).....
....##################......#####
###.# #..####....# .# #+#. ....#
. .. ....# . ... ...#. #. ....
.## ###.. .. #######


You could see 2 gnolls and a quokka.

Vanquished Creatures
  Jessica (D:2)
  A gnoll (D:3)
  3 adders (D:2)
  A dart slug (D:2)
  3 ribbon worms
  5 endoplasms
  5 giant cockroaches
  7 hobgoblins
  8 jackals
  A quokka (D:2)
  7 ball pythons
  9 bats
  2 frilled lizards
  5 goblins
  5 kobolds
  8 rats
71 creatures vanquished.

Notes
Turn   | Place    | Note
-------+----------+-------------------------------------------
     0 | D:1      | booth the Demonspawn Shapeshifter began the quest for the
                  | Orb.
     0 | D:1      | Reached XP level 1. HP: 15/15 MP: 1/1
   310 | D:1      | Gained mutation: You have a pair of small horns on your
                  | head. [demonic ancestry]
   310 | D:1      | Reached XP level 2. HP: 19/21 MP: 2/2
   325 | D:1      | Reached skill level 3 in Shapeshifting
   746 | D:1      | Gained mutation: Your demonic aura sometimes causes spilled
                  | blood to erupt in flames. [demonic ancestry]
   746 | D:1      | Reached XP level 3. HP: 26/26 MP: 3/3
  1221 | D:1      | Identified a scroll of acquirement
  1221 | D:1      | Acquired the +1 hat "Zuwulawn" {+Inv rElec rC+}
  1412 | D:2      | Gained mutation: You are surrounded by a mild repulsion
                  | field. (EV +2) [demonic ancestry]
  1412 | D:2      | Reached XP level 4. HP: 18/33 MP: 4/4
  1706 | D:2      | Noticed Jessica
  1720 | D:2      | Killed Jessica
  2410 | D:3      | Reached skill level 4 in Shapeshifting
  2410 | D:3      | Reached XP level 5. HP: 39/39 MP: 5/5
  2444 | D:3      | HP: 1/39 [gnoll/+0 whip (4)]
  2445 | D:3      | Slain by a gnoll

Illustrated notes

Levels and vault maps discovered:
D:1:      dpeg_arrival_castle, layout_basic, minmay_misc_feat_nine_boxes
D:2:      layout_rooms, uniq_jessica
D:3:      layout_basic, st_stairs_11

Skill      XL: |  1  2  3  4 |
---------------+-------------+-----
Shapeshifting  | 3 4 |  4.0
Unarmed Combat | 3 |  3.5
Fighting       | 2 |  2.4
Dodging        | |  1.7

Action                     |  1- 3 |  4- 6 || total
---------------------------+-------+-------++-------
  Melee: Unarmed           |   150 |    69 ||   219
         Headbutt          |    11 |    15 ||    26
         Punch             |     3 |     2 ||     5
  Throw: Boomerang         |       |     5 ||     5
Ability: Begin Untransform |       |     1 ||     1
    Use: Scroll            |     3 |     1 ||     4
         Potion            |     1 |     3 ||     4
 Armour: Animal skin       |    70 |     2 ||    72
         Robe              |       |    21 ||    21
         Skin              |       |     4 ||     4
  Dodge: Dodged            |    90 |    37 ||   127
   Form: Beast             |       |     1 ||     1
